[Event "Team 45 45 League T43"]
[Site "Internet Chess Club"]
[Date "2009.12.07"]
[Round "6"]
[White "jefferyx"]
[Black "Harmonicus"]
[Result "0-1"]
[WhiteElo "1999"]
[BlackElo "1848"]
[Opening "Ruy Lopez: closed, Flohr-Zaitsev system (Lenzerheide variation)"]
[ECO "C92"]
[Time "17:00:16"]
[TimeControl "2700+45"]

1. e4 e5 2. Nf3 Nc6 3. Bb5 a6 4. Ba4 Nf6 5. O-O Be7 6. Re1 b5 7. Bb3 d6 8. c3
O-O 9. h3 Bb7 10. d4 Re8 11. Nbd2 Bf8 12. Ng5 Re7 13. Ndf3 h6 14. Nxf7 Rxf7 15.
dxe5 Nxe5 16. Nxe5 dxe5 17. Bxf7+ Kxf7 18. Qb3+ Kg6 19. Qe6 Qe7 20. Qf5+ Kf7 21.
f4 g6 22. Qxe5 Qxe5 23. fxe5 Nxe4 24. Be3 Re8 25. Rad1 Rxe5 26. Rd7+ Re7 27. Rd8
Bg7 28. Rf1+ Ke6 29. Re1 g5 30. Bd4 Be5 31. Bxe5 Kxe5 32. Rh8 Re6 33. Rh7 Kd6
34. Rd1+ Bd5 35. Rh8 Ke5 36. a3 a5 37. Rd8 c6 38. Re1 a4 39. Kh2 Kf6 40. Rf1+
Kg6 41. Rg8+ Kh7 42. Rd8 Rf6 43. Re1 Rf2 44. c4 bxc4 45. Rd7+ Kg6 46. Re3 Rxb2
47. Re7 Nd2 48. Re2 c3 49. R7e3 Nc4 {White resigns} 0-1

[Event "Team 45 45 League T43"]
[Site "Internet Chess Club"]
[Date "2009.12.05"]
[Round "6"]
[White "Kingofknights"]
[Black "pishd"]
[Result "0-1"]
[WhiteElo "1699"]
[BlackElo "1693"]
[Opening "Dutch defense: Dutch-Indian (Nimzo-Dutch) variation"]
[ECO "A90"]
[Time "09:37:19"]
[TimeControl "2700+45"]

1. d4 e6 2. c4 f5 3. g3 Nf6 4. Bg2 Bb4+ 5. Bd2 Qe7 6. a3 Bxd2+ 7. Qxd2 d6 8. Nc3
O-O 9. f4 Nc6 10. e4 fxe4 11. Nxe4 Nxe4 12. Bxe4 e5 13. fxe5 dxe5 14. d5 Nd4 15.
Qd3 h6 16. Ne2 Qf6 17. O-O-O Bg4 18. Rd2 Bxe2 19. Rxe2 Nxe2+ 20. Qxe2 Qb6 21.
Bc2 Qd4 22. Rd1 Rf2 23. Rxd4 Rxe2 24. h4 exd4 {White resigns} 0-1

[Event "Team 45 45 League T43"]
[Site "Internet Chess Club"]
[Date "2009.12.04"]
[Round "6"]
[White "toukon"]
[Black "badmove"]
[Result "0-1"]
[WhiteElo "1428"]
[BlackElo "1622"]
[Opening "Ruy Lopez: Marshall, main line, 14...Qh3"]
[ECO "C89"]
[Time "16:00:29"]
[TimeControl "2700+45"]

1. e4 e5 2. Nf3 Nc6 3. Bb5 a6 4. Ba4 Nf6 5. O-O Be7 6. Re1 b5 7. Bb3 O-O 8. c3
d5 9. exd5 Nxd5 10. Nxe5 Nxe5 11. Rxe5 c6 12. d4 Bd6 13. Re1 Qh4 14. g3 Qh3 15.
Re4 g5 16. Qf1 Qh5 17. Nd2 Bf5 18. f3 Qg6 19. a3 Rae8 20. Bc2 Ne3 21. Rxe3 Rxe3
22. Bxf5 Qxf5 23. Kg2 Rfe8 24. Ne4 R8xe4 25. fxe4 Qxe4+ 26. Kh3 g4+ 27. Kh4 Be7+
28. Kh5 Qg6# {White checkmated} 0-1

[Event "Team 45 45 League T43"]
[Site "Internet Chess Club"]
[Date "2009.12.04"]
[Round "6"]
[White "mickeys"]
[Black "zachi"]
[Result "0-1"]
[WhiteElo "1883"]
[BlackElo "1952"]
[Opening "QGD Slav: 4.e3 Bf5"]
[ECO "D12"]
[Time "22:00:22"]
[TimeControl "2700+45"]

1. d4 d5 2. Nf3 Nf6 3. c4 c6 4. e3 Bf5 5. Nc3 e6 6. Bd3 Bxd3 7. Qxd3 Bd6 8. O-O
Nbd7 9. e4 dxe4 10. Nxe4 Nxe4 11. Qxe4 Nf6 12. Qe2 Qc7 13. Re1 O-O-O 14. Bd2 h6
15. b4 Bf4 16. Rad1 Bxd2 17. Rxd2 Qf4 18. a4 Nh7 19. Qe5 Qxe5 20. Nxe5 Rhf8 21.
f4 Nf6 22. Nf3 Kc7 23. g3 Nd7 24. d5 exd5 25. cxd5 cxd5 26. Rxd5 Nb6 27. Rc5+
Kb8 28. a5 Na4 29. Rc2 Rc8 30. Rec1 Rxc2 31. Rxc2 Rc8 32. Rxc8+ Kxc8 33. Kf2 Kc7
34. Ke3 Kc6 35. Ne5+ Kb5 36. Nxf7 Kxb4 37. Nd6 Kxa5 38. Nxb7+ Kb6 39. Nd6 a5 40.
Kd4 Kc6 41. Nc4 Kb5 42. g4 Nb6 43. Nxb6 Kxb6 44. Kc4 Kc6 45. h4 a4 46. f5 a3 47.
Kb3 Kd5 48. Kxa3 Ke4 49. g5 hxg5 50. hxg5 Kxf5 51. Kb3 Kxg5 52. Kc2 Kf4 53. Kd2
Kg3 54. Ke1 Kg2 55. Ke2 g5 56. Ke3 g4 57. Ke2 g3 58. Ke1 Kh2 {White resigns} 0-1

[Event "Team 45 45 League T43"]
[Site "Internet Chess Club"]
[Date "2009.12.06"]
[Round "6"]
[White "mfeatherston"]
[Black "Dostoy"]
[Result "1/2-1/2"]
[WhiteElo "1899"]
[BlackElo "1701"]
[Opening "Caro-Kann: exchange variation"]
[ECO "B13"]
[Time "09:31:43"]
[TimeControl "2700+45"]

1. e4 c6 2. d4 d5 3. exd5 cxd5 4. Bd3 Nc6 5. c3 Qc7 6. Bg5 Nf6 7. Nd2 Bg4 8. Qc2
Bh5 9. Ngf3 e6 10. Bh4 Bg6 11. Bg3 Bxd3 12. Qxd3 Bd6 13. Bxd6 Qxd6 14. O-O O-O
15. Rae1 a6 16. Ne5 Nxe5 17. dxe5 Qd8 18. exf6 Qxf6 19. Nf3 Rac8 20. Ne5 Qe7 21.
Re3 f5 22. Rfe1 Rf6 23. f4 Rd8 24. Nf3 Qc5 25. Nd4 Rd6 26. Qe2 Qb6 27. Kh1 Kf7
28. Qh5+ Kg8 29. Rh3 h6 30. Qe2 Kf7 31. Re3 g6 32. Qc2 g5 33. fxg5 hxg5 34. Nf3
g4 35. Ne5+ Ke7 36. Qb3 Qxb3 37. axb3 Rb6 38. b4 Rh6 39. g3 a5 40. Nd3 axb4 41.
Nxb4 Kf6 42. Nd3 Kf7 43. b4 Ra6 44. Nc5 Ra2 45. R3e2 Rxe2 46. Rxe2 b6 47. Nd7 b5
48. Ra2 Ke7 49. Ra7 Kd6 50. Nc5 Ke5 51. Kg2 d4 52. cxd4+ Kxd4 53. Ra6 Kc4 54.
Rxe6 Rxe6 55. Nxe6 Kxb4 56. Nd4 Kc4 57. Nxf5 b4 58. Ne3+ Kd3 59. Kf2 b3 60. Nd1
Kd2 61. Nb2 Kc3 62. Na4+ Kb4 63. Nb2 Kc3 64. Nd1+ Kd2 65. Ne3 Kd3 66. Nd1 Kd2
{Game drawn by repetition} 1/2-1/2

[Event "Team 45 45 League T43"]
[Site "Internet Chess Club"]
[Date "2009.12.08"]
[Round "6"]
[White "az2112"]
[Black "Grenadier"]
[Result "0-1"]
[WhiteElo "1737"]
[BlackElo "1694"]
[Opening "Réti opening"]
[ECO "A05"]
[Time "21:30:30"]
[TimeControl "2700+45"]

1. Nf3 Nf6 2. g3 d5 3. d4 Bf5 4. Bg2 c5 5. c3 e6 6. O-O Nc6 7. Nbd2 Be7 8. dxc5
Bxc5 9. Nb3 Be7 10. Nbd4 Nxd4 11. cxd4 O-O 12. Qb3 b6 13. Bd2 Qd6 14. Rac1 Rfc8
15. a3 h5 16. Bf4 Qd8 17. Ne5 Bd6 18. Nc6 Qd7 19. Bxd6 Qxd6 20. Ne5 Ng4 21. Nf3
Rc7 22. Rc3 Rac8 23. Rfc1 Nf6 24. Nd2 h4 25. Rxc7 Rxc7 26. Rxc7 Qxc7 27. Qc3 Qb8
28. gxh4 Qf4 29. Nf1 Qxh4 30. h3 Nh5 31. Qf3 Nf4 32. Ng3 Bxh3 33. Bxh3 Nxh3+ 34.
Kf1 Qxd4 {White resigns} 0-1

[Event "Team 45 45 League T43"]
[Site "Internet Chess Club"]
[Date "2009.12.05"]
[Round "6"]
[White "GoIrish"]
[Black "Chess2Play"]
[Result "0-1"]
[WhiteElo "1587"]
[BlackElo "1704"]
[Opening "Réti opening"]
[ECO "A05"]
[Time "21:03:18"]
[TimeControl "2700+45"]

1. Nf3 Nf6 2. g3 d5 3. Bg2 c5 4. O-O Nc6 5. d3 Bf5 6. Nbd2 e6 7. c4 Be7 8. Nh4
Bg4 9. h3 Bh5 10. g4 Bg6 11. Nxg6 hxg6 12. Nf3 Qd6 13. Nh2 Rd8 14. b3 Qe5 15.
Bd2 Bd6 16. f4 Qd4+ 17. Rf2 dxc4 18. bxc4 Bb8 19. Rb1 Qd7 20. Qb3 b6 21. Qb5 Rc8
22. Bc3 Kf8 23. Rf3 Kg8 24. Nf1 Qd6 25. e4 Nd4 26. Bxd4 Qxd4+ 27. Kh1 Nxg4 28.
Qb2 Qd7 29. e5 Nh6 30. Ng3 Nf5 31. Nxf5 gxf5 32. Rg3 Qe7 33. Rg1 g6 34. Bf1 Rh7
35. Rg5 Rd8 36. Qf2 Rd4 37. Qf3 Kg7 38. Be2 Qd7 39. Qg3 Kf8 40. h4 Bc7 41. Kg2
Bd8 42. Kf2 Bxg5 43. Qxg5 Qe7 44. Qxe7+ Kxe7 45. Kg3 f6 46. Rb1 fxe5 47. fxe5
Rhxh4 48. a4 Rh8 49. a5 Rb8 50. a6 Kd7 51. Rh1 Re8 52. Rh7+ Re7 53. Rh8 f4+ 54.
Kf3 Kc7 55. Rg8 b5 56. cxb5 Kb6 57. Rb8+ Ka5 58. Rb7 Rdd7 59. Kxf4 Rxb7 60. axb7
Rxb7 61. Kg5 Kxb5 62. Kxg6 Rb6 63. Kf6 c4 64. dxc4+ Kc5 65. Bg4 Kxc4 66. Bxe6+
Kd4 67. Kf5 a5 68. Bf7 Rb5 69. Kf6 Rxe5 {White resigns} 0-1

[Event "Team 45 45 League T43"]
[Site "Internet Chess Club"]
[Date "2009.12.12"]
[Round "6"]
[White "BigW"]
[Black "screamingeagle"]
[Result "1-0"]
[WhiteElo "1982"]
[BlackElo "2000"]
[Opening "QGD: 4.Nf3"]
[ECO "D37"]
[Time "20:00:25"]
[TimeControl "2700+45"]

1. d4 e6 2. Nf3 d5 3. c4 Nf6 4. Nc3 Be7 5. Qc2 O-O 6. e3 c5 7. dxc5 Nc6 8. cxd5
exd5 9. Bd3 Nb4 10. Qd1 Nxd3+ 11. Qxd3 Bxc5 12. O-O Bg4 13. Nd4 Bh5 14. Nce2 Bg6
15. Qb5 Qd6 16. Nf4 Rac8 17. Bd2 Rfe8 18. Bc3 Ne4 19. Nxg6 fxg6 20. Qxb7 Rb8 21.
Qc6 Nxc3 22. bxc3 Rec8 23. Qa4 a6 24. Rab1 Ba7 25. Rb3 Rc4 26. Rxb8+ Bxb8 27.
Qe8+ Qf8 28. Qe6+ Qf7 29. Qxa6 Rxc3 30. Rb1 Qc7 31. Qe6+ Kf8 32. g3 Rc5 33. Qg4
Rc1+ 34. Rxc1 Qxc1+ 35. Kg2 Be5 36. Qf3+ Bf6 37. Qxd5 Qb2 38. a4 Qb6 39. a5 Qa6
40. Ne6+ Ke7 41. Nc5 {Black resigns} 1-0

[Event "Team 45 45 League T43"]
[Site "Internet Chess Club"]
[Date "2009.12.06"]
[Round "6"]
[White "monsterpawn"]
[Black "tsia68"]
[Result "1-0"]
[WhiteElo "1812"]
[BlackElo "1856"]
[Opening "King's Indian: orthodox, 7...Nbd7"]
[ECO "E94"]
[Time "15:17:03"]
[TimeControl "2700+45"]

1. d4 Nf6 2. c4 g6 3. Nc3 Bg7 4. e4 d6 5. Nf3 O-O 6. Be2 Nbd7 7. O-O e5 8. h3
exd4 9. Nxd4 Nc5 10. Bg5 h6 11. Bxf6 Qxf6 12. Ndb5 c6 13. Qxd6 Ne6 14. Nc7 Nxc7
15. Qxc7 Qg5 16. f4 Qc5+ 17. Kh1 Be6 18. f5 Be5 19. Na4 Qd4 20. Qa5 b6 21. Qe1
gxf5 22. exf5 Bc8 23. Rd1 Qe4 24. Nc3 Bxc3 25. bxc3 Bxf5 26. Qg3+ Bg6 27. Bd3
Qe6 28. Rde1 Qd7 29. Bxg6 fxg6 30. Qxg6+ Qg7 31. Qxc6 Qxc3 32. Qxh6 Qxc4 33.
Qg6+ Kh8 34. Rf6 Rxf6 35. Qxf6+ Kg8 36. Re7 {Black resigns} 1-0

[Event "Team 45 45 League T43"]
[Site "Internet Chess Club"]
[Date "2009.12.06"]
[Round "6"]
[White "chiiwen"]
[Black "Knight77"]
[Result "1-0"]
[WhiteElo "2109"]
[BlackElo "1943"]
[Opening "Sicilian: dragon, Yugoslav attack, Rauser variation"]
[ECO "B76"]
[Time "21:30:51"]
[TimeControl "2700+45"]

1. e4 c5 2. Nf3 d6 3. d4 cxd4 4. Nxd4 Nf6 5. Nc3 g6 6. Be3 Bg7 7. f3 O-O 8. Qd2
Nc6 9. O-O-O d5 10. Kb1 e5 11. Nxc6 bxc6 12. exd5 cxd5 13. Nxd5 Nxd5 14. Qxd5
Qxd5 15. Rxd5 Be6 16. Rd2 a5 17. a4 Rab8 18. Bb5 Rfc8 19. b3 Rc3 20. Rd3 Rc7 21.
Rhd1 Rcc8 22. Bd7 Bxd7 23. Rxd7 e4 24. fxe4 Rc3 25. Rd8+ Rxd8 26. Rxd8+ Bf8 27.
Bh6 {Black resigns} 1-0

[Event "Team 45 45 League T43"]
[Site "Internet Chess Club"]
[Date "2009.12.07"]
[Round "6"]
[White "makito"]
[Black "deeppurple"]
[Result "1-0"]
[WhiteElo "1900"]
[BlackElo "2035"]
[Opening "King's Indian: Four pawns attack, dynamic line"]
[ECO "E76"]
[Time "04:01:38"]
[TimeControl "2700+45"]

1. d4 Nf6 2. c4 g6 3. Nc3 Bg7 4. e4 O-O 5. f4 d6 6. Nf3 c5 7. d5 e6 8. Bd3 exd5
9. cxd5 b5 10. Bxb5 Nxe4 11. Nxe4 Qa5+ 12. Qd2 Qxb5 13. Nxd6 Qa6 14. Nxc8 Rxc8
15. Kf2 Nd7 16. Rb1 Qxa2 17. Qc2 Qxd5 18. Rd1 Qc6 19. Be3 Rab8 20. b4 Nf6 21.
Ne5 Ne4+ 22. Kg1 Bxe5 23. fxe5 cxb4 24. Rd8+ Kg7 25. Qxc6 Rxc6 26. Rxb8 a5 27.
Bd4 Kh6 28. h3 Kg5 29. Rb7 Ng3 30. Kh2 Nf5 31. Bb6 Rc2 32. Rxf7 Re2 33. Rxh7
Rxe5 34. Bd8+ {Black resigns} 1-0

[Event "Team 45 45 League T43"]
[Site "Internet Chess Club"]
[Date "2009.12.04"]
[Round "6"]
[White "Kravier"]
[Black "chess9793"]
[Result "0-1"]
[WhiteElo "1656"]
[BlackElo "1874"]
[Opening "Sicilian defense"]
[ECO "B20"]
[Time "23:29:48"]
[TimeControl "2700+45"]

1. e4 c5 2. Bc4 g6 3. a3 Bg7 4. d3 e6 5. Ne2 Ne7 6. O-O O-O 7. Be3 b6 8. c3 Bb7
9. Nd2 d5 10. exd5 Nxd5 11. d4 cxd4 12. Bxd4 e5 13. Be3 Nxe3 14. fxe3 Qg5 15. e4
Bh6 16. Nf3 Qe3+ 17. Kh1 Qxe4 18. Qb3 Nd7 19. Ng3 Qc6 20. Rad1 Nc5 21. Qa2 Qc7
22. b4 Ne4 23. Nxe4 Bxe4 24. Rde1 Bxf3 25. Rxf3 Rac8 26. Bd5 Rcd8 27. Ref1 Rd7
28. c4 Kg7 29. Rf6 Bg5 30. Rc6 Qd8 31. Qe2 Qe7 32. Qf3 f5 33. Re6 Qd8 34. Rxe5
Re7 35. Rfe1 Rfe8 36. Rxe7+ Rxe7 37. Rxe7+ Qxe7 38. g3 Qe5 39. h4 Be7 40. Kg2 h6
41. Kf2 Qb2+ 42. Qe2 Qf6 43. Kf3 g5 44. hxg5 hxg5 45. Qe6 Qxe6 46. Bxe6 Kf6 47.
Bd5 Ke5 48. g4 f4 49. Be4 Kd4 50. Bd5 b5 51. cxb5 Kxd5 52. a4 Bxb4 {White
resigns} 0-1